 Dungeon Crawl Stone Soup version 0.31.0-11-ge490571c62 (webtiles) character file.

Game seed: 14787960133838641052

322 qw the Skirmisher (level 6, -2/35 HPs)
             Began as a Deep Elf Hunter on Feb 5, 2024.
             Slain by an ogre
             ... wielding a +0 giant spiked club
              (37 damage)
             ... on level 4 of the Dungeon.
             The game lasted 00:00:09 (2169 turns).

qw the Skirmisher (Deep Elf Hunter)                 Turns: 2169, Time: 00:00:09

Health: -2/35      AC:  7    Str: 10    XL:     6   Next: 22%
Magic:  8/8        EV: 12    Int: 14    God:
Gold:   92         SH:  0    Dex: 18    Spells: 5/5 levels left

rFire   . . .        a - +0 shortbow (flame)
rCold   . . .        (shield currently unavailable)
rNeg    . . .        c - +0 leather armour
rPois   +            (no helmet)
rElec   .            (no cloak)
rCorr   .            j - +2 pair of gloves {infuse}
SInv    .            m - +0 pair of boots
Will    .....        f - amulet of regeneration
Stlth   ++           i - ring of poison resistance
HPRegen 1.05/turn    (no ring)
MPRegen 0.11/turn

%: infuse magic (1 MP)
@: no status effects
A: no striking features
a: no special abilities


You were on level 4 of the Dungeon.
You visited 1 branch of the dungeon, and saw 4 of its levels.

You collected 92 gold pieces.


   Skills:
 - Level 2.1 Fighting
 + Level 9.4 Ranged Weapons
 - Level 3.0 Dodging
 - Level 1.2 Stealth


You had 5 spell levels left.
You didn't know any spells.
Your spell library was empty.

Inventory:

Hand Weapons
 a - a +0 shortbow of flaming (weapon)
Armour
 c - a +0 leather armour (worn)
 j - a +2 pair of gloves of infusion (worn)
 m - a +0 pair of boots (worn)
Jewellery
 f - an amulet of regeneration (around neck)
 i - a ring of poison resistance (left hand)
Wands
 g - a wand of roots (8)
Scrolls
 k - a scroll of teleportation
Potions
 b - a potion of brilliance {unknown}
 e - a potion of curing
 h - a potion of enlightenment

Dungeon Overview and Level Annotations

Branches:
Dungeon (4/15)
 Temple: D:4-7

Altars:
Ashenzari

Annotations:
D:2 1 runed translucent door, Crazy Yiuf


Message History

Done exploring.
What level of the Dungeon? (default 3, ? - help)
You see here a +0 club.
There is a stone staircase leading down here.
You climb downwards.
Found 15 gold pieces, a copper wand and a sling.
There is a stone staircase leading up here.
There are monsters nearby!
Waypoint 3 assigned to D:4.
2157 ||| STAIRDANCE You climb upwards.
There is a stone staircase leading down here.
You climb downwards.
There is a stone staircase leading up here.
2161 ||| STAIRDANCE You climb upwards.
There is a stone staircase leading down here.
You climb downwards.
The ogre shouts!
There is a stone staircase leading up here.
You shoot an arrow. The ball python hisses angrily.
The arrow hits the ball python.
The arrow burns the ball python.
You kill the ball python!
Found 5 stones.
An orc comes into view. It is wielding a +0 flail.
You shoot an arrow. The arrow barely misses the ogre.
The orc shouts!
The arrow hits the orc!
The arrow burns the orc.
You kill the orc!
An orc comes into view. It is wielding a +0 mace.
You shoot an arrow. The orc shouts!
The arrow hits the ogre!
The arrow burns the ogre.
The ogre is heavily wounded.
You shoot an arrow. The arrow hits the ogre.
The arrow burns the ogre.
The ogre is severely wounded.
The ogre hits you with a +0 giant spiked club!!!
Ouch! That really hurt!
You die...

#. #. #. #.##
#..## ##...## ##
##.....##...#
#.##....@O..$/o)
#......<..##.(.#
######...## #
##.## #.# ...
... #... ...##


You could see an ogre and an orc.

Vanquished Creatures
  A phantom (D:3)
  A hound (D:3)
  Jessica (D:2)
  Natasha (twice) (D:2)
  An orc wizard (D:3)
  5 adders
  2 dart slugs
  8 orcs
  An endoplasm (D:1)
  4 giant cockroaches
  8 goblins
  3 hobgoblins
  7 jackals
  6 kobolds
  4 quokkas
  4 ball pythons
  3 bats
  3 frilled lizards
  A rat (D:3)
65 creatures vanquished.

Notes
Turn   | Place    | Note
-------+----------+-------------------------------------------
     0 | D:1      | qw the Deep Elf Hunter began the quest for the Orb.
     0 | D:1      | Reached XP level 1. HP: 12/12 MP: 3/3
     0 | D:1      | 0 ||| qw: Version: 0.3-a-160-g6735b56
     0 | D:1      | 0 ||| qw: Game counter: 6225
     0 | D:1      | 0 ||| qw: Melee chars always use a shield: true
     0 | D:1      | 0 ||| qw: God list: Okawaru
     0 | D:1      | 0 ||| qw: Allow faded altars: false
     0 | D:1      | 0 ||| qw: Do Orc after clearing Dungeon:15 true
     0 | D:1      | 0 ||| qw: Do second Lair branch before Depths: true
     0 | D:1      | 0 ||| qw: Lair rune preference: random
     0 | D:1      | 0 ||| qw: Goals: Normal
     0 | D:1      | 0 ||| PLANNING D:1-11
   126 | D:1      | Reached XP level 2. HP: 11/16 MP: 4/4
   127 | D:1      | Reached skill level 6 in Ranged Weapons
   182 | D:1      | Found a faded altar of an unknown god.
   497 | D:1      | 497 ||| UPGRADING to amulet of regeneration.
   502 | D:1      | 502 ||| DROPPING +6 ring of intelligence.
   503 | D:1      | 503 ||| READING scroll labelled HOITHO YWOIN.
   503 | D:1      | 503 ||| IDENTIFYING white potion
   504 | D:1      | 504 ||| DROPPING scroll of butterflies.
   600 | D:2      | Reached XP level 3. HP: 20/20 MP: 5/5
   651 | D:2      | Found a broken altar of Ashenzari.
   776 | D:2      | Reached skill level 7 in Ranged Weapons
   861 | D:2      | Found a runed translucent door.
   862 | D:2      | Noticed Crazy Yiuf
   890 | D:2      | Noticed Jessica
   892 | D:2      | Noticed Natasha
   895 | D:2      | Killed Natasha
   896 | D:2      | Reached XP level 4. HP: 25/25 MP: 6/6
   903 | D:2      | Killed Jessica
   977 | D:2      | Reached skill level 8 in Ranged Weapons
  1358 | D:2      | 1358 ||| UPGRADING to +1 pair of gloves of infusion.
  1363 | D:2      | 1363 ||| UPGRADING to +0 pair of boots.
  1368 | D:2      | 1368 ||| DROPPING amulet of magic regeneration.
  1369 | D:2      | 1369 ||| READING scroll of identify.
  1369 | D:2      | 1369 ||| IDENTIFYING clear potion
  1370 | D:2      | 1370 ||| READING scroll labelled POEXYGH ISUNO.
  1370 | D:2      | 1370 ||| BRANDING +0 shortbow.
  1371 | D:2      | 1371 ||| READING scroll labelled DITOXK TAODGHOTIX.
  1372 | D:2      | 1372 ||| READING scroll labelled VAFFAS VIMISS.
  1373 | D:2      | 1373 ||| READING scroll labelled TOURCH BUEFEODWE.
  1383 | D:2      | Noticed Natasha
  1390 | D:2      | Killed Natasha
  1391 | D:2      | Reached XP level 5. HP: 29/29 MP: 7/7
  1547 | D:3      | Noticed a phantom
  1563 | D:3      | Killed a phantom
  1564 | D:3      | Reached skill level 9 in Ranged Weapons
  1581 | D:3      | Reached skill level 3 in Dodging
  1700 | D:3      | Reached XP level 6. HP: 35/35 MP: 8/8
  2136 | D:3      | 2136 ||| DROPPING +1 pair of gloves.
  2137 | D:3      | 2137 ||| UPGRADING to ring of poison resistance.
  2138 | D:3      | 2138 ||| READING scroll labelled QAKHOUBUTO.
  2138 | D:3      | 2138 ||| ENCHANTING +1 pair of gloves of infusion.
  2157 | D:4      | 2157 ||| STAIRDANCE
  2161 | D:4      | 2161 ||| STAIRDANCE
  2169 | D:4      | Slain by an ogre

Levels and vault maps discovered:
D:1:      ldierk_walled_garden, layout_rooms,
          shapermc_ecumenical_altar_totnotflames
D:2:      layout_basic, basic_altar, minmay_pentomino_r4, uniq_jessica,
          uniq_natasha, uniq_crazy_yiuf_cottage
D:3:      layout_loops_ring
D:4:      layout_loops_ring, minmay_misc_feat_roman, uniq_blork_the_orc,
          uniq_pikel

Skill      XL: |  1  2  3  4  5 |
---------------+----------------+-----
Ranged Weapons | 6 7 8 9 |  9.4
Dodging        | 3 |  3.0
Fighting       | 2 |  2.1
Stealth        | |  1.2

Action                     |  1- 3 |  4- 6 || total
---------------------------+-------+-------++-------
   Fire: Shortbow          |   102 |   126 ||   228
    Use: Scroll            |     1 |     6 ||     7
 Armour: Leather armour    |    26 |    40 ||    66
  Dodge: Dodged            |    26 |    47 ||    73

Table legend:
 A = Non-vault XP
 B = Vault XP
 C = Vault XP percentage of total XP
 D = Non-vault monster count
 E = Vault monster count
 F = Vault count percentage of total count
                 A         B        C        D         E       F
            +---------+---------+-------+---------+---------+-------
      Total |     385 |      75 |  16.3 |      61 |       4 |   6.2
            +---------+---------+-------+---------+---------+-------
        D:1 |      35 |       0 |   0.0 |      18 |       0 |   0.0
        D:2 |     102 |      75 |  42.4 |      19 |       4 |  17.4
        D:3 |     244 |       0 |   0.0 |      22 |       0 |   0.0
        D:4 |       4 |       0 |   0.0 |       2 |       0 |   0.0
            +---------+---------+-------+---------+---------+-------
